 Dungeon Crawl Stone Soup version 0.25-a0-185-g6cfeca75b2 (webtiles) character file.

Game seed: 14404802370317197319, levelgen mode: deterministic

41 sankara the Ruffian (level 3, -4/28 HPs)
             Began as a Minotaur Transmuter on Nov 28, 2019.
             Slain by a scorpion (9 damage)
             ... on level 2 of the Dungeon.
             The game lasted 00:05:11 (1084 turns).

sankara the Ruffian (Minotaur Transmuter)           Turns: 1084, Time: 00:05:11

Health: -4/28      AC:  2    Str: 19    XL:     3   Next: 32%
Magic:  3/4        EV: 12    Int: 11    God:
Gold:   71         SH:  0    Dex: 10    Spells: 1/4 levels left

rFire    . . .     SeeInvis .     - Unarmed
rCold    . . .     Gourm    .   (no shield)
rNeg     . . .     Faith    .   b - +0 robe
rPois    .         Spirit   .   (helmet restricted)
rElec    .         Reflect  .   (no cloak)
rCorr    .         Harm     .   (no gloves)
MR       .....                  (boots currently unavailable)
Stlth    +.........             (no amulet)
HPRegen  0.09/turn              (no ring)
MPRegen  0.09/turn              (no ring)

@: mighty, lethally poisoned (-4 -> -13), appendage (expiring)
A: retaliatory headbutt, horns 2, talons 3
a: End Transformation


You were on level 2 of the Dungeon.
You were not hungry.
You had grown temporary talons.
You visited 1 branch of the dungeon, and saw 2 of its levels.

You collected 71 gold pieces.

Inventory:

Hand Weapons
 k - a +0 dagger
   (You took it off a goblin on level 2 of the Dungeon)
Missiles
 a - 31 arrows
 h - 4 stones (quivered)
Armour
 b - a +0 robe (worn)
Scrolls
 j - 2 scrolls of identify {unknown}
 l - a scroll of enchant weapon {unknown}
 m - a scroll of amnesia {unknown}
Potions
 e - a potion of mutation {unknown}
 f - a potion of invisibility {unknown}
 i - 3 potions of curing
Comestibles
 c - 2 chunks of flesh {@w0}
 d - 4 rations


   Skills:
 - Level 1.2 Fighting
 - Level 2.1 Dodging
 + Level 4.5 Unarmed Combat
 - Level 1.3 Spellcasting
 + Level 2.1 Transmutations


You had one spell level left.
You knew the following spells:

 Your Spells              Type           Power        Failure   Level  Hunger
a - Beastly Appendage     Tmut           #.....       13%         1    ##.....
b - Sticks to Snakes      Tmut           #.......     19%         2    ###....

Your spell library contained the following spells:

 Spells                   Type           Power        Failure   Level  Hunger
 Spider Form              Tmut/Pois      #.........   52%         3    ####...
 Ice Form                 Ice/Tmut       #.......     89%         4    #####..
 Blade Hands              Tmut           #.........   98%         5    ######.


Dungeon Overview and Level Annotations

Branches:
Dungeon (2/15)

Altars:
Qazlal
Xom


Innate Abilities, Weirdness & Mutations

You reflexively headbutt those who attack you in melee.
You have a pair of horns on your head.
You have claws for feet.


Message History

A worm comes into view.
The kobold shouts!
Casting: Beastly Appendage (safe; 13% risk of failure)
Confirm with . or Enter, or press ? or * to list all spells.
You extend your transformation's duration.
You hit the kobold.
You kill the kobold!
Things that are here:
a +0 whip; 6 gold pieces You barely miss the worm.
You claw the worm.
The worm is moderately wounded.
The worm bites you.
You completely miss the worm.
The worm is moderately wounded.
Your transformation is almost over.
You hit the worm.
The worm is heavily wounded.
The worm completely misses you.
You hit the worm. You claw the worm. You headbutt the worm.
You kill the worm!
No target in view!
No target in view!
You now have 65 gold pieces (gained 6).
You see here a +0 whip.
Some of the chunks of flesh in your inventory have rotted away.
Your talons disappear.
m - a scroll labeled XISYRE ENAUNEL A frilled lizard comes into view.
Casting: Beastly Appendage (safe; 13% risk of failure)
Confirm with . or Enter, or press ? or * to list all spells.
Your feet morph into talons.
The frilled lizard hisses angrily.
Your transformation is almost over.
The frilled lizard closely misses you. You furiously retaliate!
You headbutt the frilled lizard. You barely miss the frilled lizard.
Your headbutt misses the frilled lizard.
The frilled lizard is severely wounded.
The frilled lizard closely misses you.
You miss the frilled lizard. Your kick misses the frilled lizard.
Your headbutt misses the frilled lizard.
The frilled lizard is severely wounded.
The frilled lizard unfolds its giant frill.
The frilled lizard misses you.
You hit the frilled lizard.
You kill the frilled lizard!
No target in view!
You see here a frilled lizard corpse.
You butcher the frilled lizard corpse.
c - 2 chunks of flesh {@w0} (gained 1)
You see here a frilled lizard skeleton.
Your talons disappear.
A goblin comes into view.
Casting: Beastly Appendage (safe; 13% risk of failure)
Confirm with . or Enter, or press ? or * to list all spells.
Your feet morph into talons.
Your transformation is almost over.
The goblin closely misses you.
You hit the goblin. You claw the goblin.
You kill the goblin!
No target in view!
No target in view!
You now have 71 gold pieces (gained 6).
Your talons disappear.
A scorpion comes into view.
Casting: Beastly Appendage (safe; 13% risk of failure)
Confirm with . or Enter, or press ? or * to list all spells.
Your feet morph into talons.
You closely miss the scorpion. Your kick misses the scorpion.
Your headbutt misses the scorpion. The scorpion barely misses you.
You furiously retaliate!
You headbutt the scorpion. You hit the scorpion but do no damage.
The scorpion is lightly wounded.
The scorpion stings you.
You barely miss the scorpion. You claw the scorpion.
Your headbutt misses the scorpion.
The scorpion is moderately wounded.
The scorpion stings you!
You are poisoned.
The scorpion poisons you!
You are too injured to fight recklessly!
You are too injured to fight recklessly!
You are too injured to fight recklessly!
It was a potion of might.
You feel very mighty all of a sudden.
You feel sick. The scorpion stings you!
* * * LOW HITPOINT WARNING * * *
You are more poisoned.
The scorpion poisons you!
It was a potion of curing.
You feel better. The scorpion stings you!
* * * LOW HITPOINT WARNING * * *
You are lethally poisoned!
The scorpion poisons you!
You hit the scorpion. Your kick misses the scorpion.
Your headbutt misses the scorpion.
The scorpion is heavily wounded.
Your transformation is almost over.
* * * LOW HITPOINT WARNING * * *
You feel sick. The scorpion stings you!
You die...

..... #######..##. ####
.... ............. ...
...
..........#..###.#####.#
..........#....#.......#
..........#.........##..
...........#..#..........
.......s...'.........##..
........@..# .####...####
...........##.####...####
..........##........##..
###......###.####.#.##.#
#......# #............
####......# ######'#####.
#.........# #...# #.
##.##......# #...# #.
............# #...# #.


You could see a scorpion.

Vanquished Creatures
  2 worms (D:2)
  A dart slug (D:1)
  2 giant cockroaches (D:1)
  2 goblins (D:2)
  3 hobgoblins (D:1)
  7 jackals (D:1)
  4 bats (D:2)
  2 frilled lizards
  6 kobolds
  3 rats
32 creatures vanquished.

Notes
Turn   | Place    | Note
-------+----------+-------------------------------------------
     0 | D:1      | sankara the Minotaur Transmuter began the quest for the
                  | Orb.
     0 | D:1      | Reached XP level 1. HP: 16/16 MP: 1/1
   178 | D:1      | Reached skill level 4 in Unarmed Combat
   178 | D:1      | Reached XP level 2. HP: 23/23 MP: 0/3
   182 | D:1      | Learned a level 2 spell: Sticks to Snakes
   784 | D:2      | Reached skill level 2 in Transmutations
   833 | D:2      | Reached XP level 3. HP: 28/28 MP: 2/4
   870 | D:2      | Found a stormy altar of Qazlal.
   871 | D:2      | Found a shimmering altar of Xom.
  1075 | D:2      | Noticed a scorpion
  1082 | D:2      | HP: 4/28 [scorpion (9)]
  1084 | D:2      | Slain by a scorpion

Levels and vault maps discovered:
D:1:      minmay_arrival_split_and_join, layout_rooms
D:2:      layout_basic, nicolae_overflow_hidden_temple,
          minmay_randomly_rotated_circles

Skill      XL: |  1  2 |
---------------+-------+-----
Unarmed Combat | 4 |  4.5
Transmutations | 2 |  2.1
Fighting       | |  1.2
Dodging        | |  2.1
Spellcasting   | |  1.3

Action                   || total
-------------------------++-------
Melee: Unarmed           ||    71
       Kick              ||    19
       Headbutt          ||     5
 Cast: Beastly Appendage ||    24
  Use: Potion            ||     2
  Eat: Chunk             ||     1
Armor: Robe              ||     9
Dodge: Dodged            ||    47

Table legend:
 A = Non-vault XP
 B = Vault XP
 C = Vault XP percentage of total XP
 D = Non-vault monster count
 E = Vault monster count
 F = Vault count percentage of total count
                 A         B        C        D         E       F
            +---------+---------+-------+---------+---------+-------
      Total |      59 |       0 |   0.0 |      32 |       0 |   0.0
            +---------+---------+-------+---------+---------+-------
        D:1 |      35 |       0 |   0.0 |      20 |       0 |   0.0
        D:2 |      24 |       0 |   0.0 |      12 |       0 |   0.0
            +---------+---------+-------+---------+---------+-------

Levels and vault maps discovered:
D:1:      minmay_arrival_split_and_join, layout_rooms
D:2:      layout_basic, nicolae_overflow_hidden_temple,
          minmay_randomly_rotated_circles

Table legend:
 A = Turns spent in this place as a percentage of turns spent in the entire game.
 B = Non-inter-level travel turns spent in this place as a percentage of non-inter-level travel turns spent in the entire game.
 C = Inter-level travel turns spent in this place as a percentage of turns spent in this place.
 D = Turns resting spent in this place as a percentage of non-inter-level travel turns spent in this place.
 E = Turns spent auto-exploring this place as a percentage of non-inter-level travel turns spent in this place.
 F = Non-inter-level travel turns spent in this place divided by the number of levels of this place that you've seen.
                   A       B       C       D       E      F
               +-------+-------+-------+-------+-------+----------------------
         Total | 100.0 | 100.0 |   5.5 |  24.7 |  47.7 | 512.0
       Dungeon | 100.0 | 100.0 |   5.5 |  24.7 |  47.7 | 512.0
               +-------+-------+-------+-------+-------+----------------------

Table legend:
 A = Kills in this place as a percentage of kills in entire the game.
 B = Kills by you in this place as a percentage of kills by you in the entire game.
 C = Kills by friends in this place as a percentage of kills by friends in the entire game.
 D = Other kills in this place as a percentage of other kills in the entire game.
 E = Experience gained in this place as a percentage of experience gained in the entire game.
 F = Experience gained in this place divided by the number of levels of this place that you have seen.
                   A       B       C       D       E      F
               +-------+-------+-------+-------+-------+----------------------
         Total | 100.0 | 100.0 |   N/A |   N/A | 100.0 |  29.5
       Dungeon | 100.0 | 100.0 |   N/A |   N/A | 100.0 |  29.5
               +-------+-------+-------+-------+-------+----------------------
